 Dungeon Crawl Stone Soup version 0.28-a0-706-gf6f64a616a (webtiles) character file.

Game seed: 3997836676201488261

1505 dolemite99 the Skirmisher (level 8, -4/53 HPs)
             Began as a Gargoyle Monk on Oct 24, 2021.
             Was a Follower of Uskayaw.
             Slain by an orc warrior (14 damage)
             ... on level 6 of the Dungeon.
             The game lasted 00:13:36 (10418 turns).

dolemite99 the Skirmisher (Gargoyle Monk)          Turns: 10418, Time: 00:13:37

Health: -4/53      AC: 21    Str: 17    XL:     8   Next: 82%
Magic:  10/10      EV:  6    Int: 11    God:    Uskayaw [*.....]
Gold:   456        SH:  5    Dex: 12    Spells: 7/7 levels left

rFire   + . .      SeeInvis .   a - +2 flail
rCold   + . .      Faith    .   (no shield)
rNeg    + . .      Spirit   .   C - +0 plate armour
rPois   ∞          Reflect  +   g - +0 helmet
rElec   +          Harm     .   v - scarf {rC+ rF+}
rCorr   .          Rampage  .   r - +0 pair of gloves
Will    .....                   d - +0 pair of boots
Stlth   ..........              h - amulet of reflection
HPRegen 0.17/turn               (no ring)
MPRegen 0.12/turn               (no ring)

@: no status effects
A: sickness immunity, AC +5, negative energy resistance 1, electricity
resistance, torment resistance 1, petrification resistance
a: Renounce Religion, Stomp


You were on level 6 of the Dungeon.
You worshipped Uskayaw.
Uskayaw was noncommittal.
You visited 1 branch of the dungeon, and saw 7 of its levels.

You collected 456 gold pieces.

Inventory:

Hand Weapons
 a - a +2 flail (weapon)
 b - a +0 hunting sling of venom
Missiles
 c - 395 stones (quivered)
 j - 137 sling bullets
 t - 5 boomerangs of dispersal
 w - a throwing net
 y - 9 poisoned darts
 B - 18 bolts
Armour
 d - a +0 pair of boots (worn)
 g - a +0 helmet (worn)
 m - a +0 kite shield
 r - a +0 pair of gloves (worn)
 v - a scarf of resistance (worn)
 C - a +0 plate armour (worn)
Jewellery
 h - an amulet of reflection (around neck)
Wands
 f - a wand of digging (5)
 F - a wand of flame (14)
Scrolls
 e - a scroll of fog
 k - a scroll of identify {@r1}
 o - a scroll of blinking {unknown}
 p - 4 scrolls of amnesia {unknown}
 q - 3 scrolls of fear {unknown}
 A - a scroll of enchant weapon {unknown}
 D - a scroll of teleportation {unknown}
 G - a scroll of enchant armour {unknown}
Potions
 i - a potion of berserk rage
 l - 2 potions of resistance
 n - 4 potions of might
 s - a potion of attraction {unknown}
 u - a potion of heal wounds
 x - a potion of lignification {unknown}
 z - a potion of degeneration {unknown}
 E - 4 potions of flight


   Skills:
 - Level 7.2 Fighting
 - Level 5.0 Maces & Flails
 - Level 4.2 Slings
 + Level 4.8 Armour
 - Level 2.6 Dodging
 - Level 2.7 Stealth
 + Level 3.6 Invocations


You had 7 spell levels left.
You didn't know any spells.
Your spell library contained the following spells:

 Spells                   Type           Power      Damage    Failure   Level
 Apportation              Tloc           0%         N/A       100%        1
 Magic Dart               Conj           0%         1d3       100%        1
 Searing Ray              Conj           0%         2d4       100%        2
 Slow                     Hex            0%         N/A       100%        2
 Confusing Touch          Hex            0%         N/A       100%        3
 Conjure Flame            Conj/Fire      0%         6-21      100%        3
 Ignite Poison            Fire/Tmut/Pois 0%         N/A       100%        3
 Vampiric Draining        Necr           0%         2d6       100%        3
 Fulminant Prism          Conj/Hex       0%         3d6       100%        4
 Sticky Flame             Conj/Fire      0%         2d3       100%        4
 Alistair's Intoxication  Tmut/Pois      0%         N/A       100%        5
 Invisibility             Hex            0%         N/A       100%        6


Dungeon Overview and Level Annotations

Branches:
Dungeon (7/15)             Temple (0/1) D:4

Altars:
Cheibriados
Dithmenos
Kikubaaqudgha
Qazlal
Trog
Uskayaw
Vehumet
Xom
Yredelemnul
Zin

Shops:
D:2 (

Annotations:
D:3 1 transporter, McGhostyFace's ghost, amateur GnWn
D:6 2 transporters


Innate Abilities, Weirdness & Mutations

You are immune to sickness and miasma.
Your stone body is resilient. (AC +5)
You are immune to poison.
You resist negative energy. (rN+)
You are resistant to electric shocks. (rElec)
You are resistant to unholy torment.
You are immune to petrification.


Message History

Aim: an orc warrior, wielding a +0 war axe and wearing a +0 chain mail (lightly wounded, very poisoned, 58% to hit)
You shoot a sling bullet.
The sling bullet hits the orc warrior but does no damage.
The orc warrior looks as sick as possible!
The orc warrior is lightly wounded.
The orc warrior hits you but does no damage.
Fire: 139 sling bullets
Press: ? - help, Q - select action, (/) - cycle Shift-Dir - straight line, f/p - orc warrior
Aim: an orc warrior, wielding a +0 war axe and wearing a +0 chain mail (moderately wounded, extremely poisoned, 57% to hit)
You shoot a sling bullet.
The sling bullet hits the orc warrior but does no damage.
The orc warrior is moderately wounded.
Fire: 138 sling bullets
Press: ? - help, Q - select action, (/) - cycle Shift-Dir - straight line, f/p - orc warrior
Aim: an orc warrior, wielding a +0 war axe and wearing a +0 chain mail (moderately wounded, extremely poisoned, 58% to hit)
You shoot a sling bullet.
The sling bullet hits the orc warrior but does no damage.
The orc warrior looks as sick as possible!
The orc warrior is moderately wounded.
You block the orc warrior's attack.
Your +0 hunting sling of venom stops dripping with poison.
a - a +2 flail (weapon)
The orc warrior hits you with a +0 war axe!
You hit the orc warrior but do no damage.
The orc warrior is heavily wounded.
You block the orc warrior's attack.
Your plate armour prevents you from hitting the orc warrior.
The orc warrior is severely wounded.
The orc warrior hits you with a +0 war axe!
* * * LOW HITPOINT WARNING * * *
You hit the orc warrior but do no damage.
The orc warrior is severely wounded.
The orc warrior hits you but does no damage.
You hit the orc warrior.
The orc warrior is almost dead.
The orc warrior hits you but does no damage.
You barely miss the orc warrior.
The orc warrior is almost dead.
The orc warrior hits you with a +0 war axe!
You die...

...................##.....©......
.......................#######...
.......................#8.©.8#...
...##..................#P.?.P#...
..##...................###+###...
..###....###...........#≈P≈SS#...
..#.#....##...#........#≈≈≈≈S#...
...##....###...o.......#≈P≈≈≈#...
.........##.....@......#S≈♣≈≈#...
##.......#.............#SP≈≈≈#..#
###....................#S...≈#...
####...................#≈...≈#...
.####........##........###+###...
..##........###........#P./.P#...
............##.#.......#8.©.8#...
............##.#.......#######...
#...##......###.#.........©......


You could see an orc warrior (very poisoned).

Vanquished Creatures
  Menkaure (D:4)
  3 black bears
  An ice beast (D:4)
  An ogre (D:4)
  A necrophage (D:4)
  2 scorpions (D:6)
  3 wights (D:5)
  2 bullfrog skeletons (D:5)
  A centaur skeleton (D:5)
  A hound (D:4)
  3 orc priests
  2 iguanas
  An orc wizard (D:6)
  A scorpion zombie (D:5)
  Robin (D:2)
  4 adders
  6 gnolls (D:4)
  A shadow imp (D:5)
  2 ufetubi (D:5)
  3 dart slugs
  5 orcs
  7 ball pythons
  10 endoplasms
  A giant cockroach (D:4)
  41 goblins
  30 hobgoblins
  10 jackals
  14 kobolds
  7 quokkas
  7 bats
  5 frilled lizards
  6 rats
183 creatures vanquished.

Notes
Turn   | Place    | Note
-------+----------+-------------------------------------------
     0 | D:1      | dolemite99 the Gargoyle Monk began the quest for the Orb.
     0 | D:1      | Reached XP level 1. HP: 14/14 MP: 1/1
   177 | D:1      | Reached XP level 2. HP: 5/19 MP: 2/2
  1805 | D:1      | Reached XP level 3. HP: 12/23 MP: 3/3
  2979 | D:2      | Found Kiretodi's Weapon Shoppe.
  3280 | D:2      | Noticed Robin
  3300 | D:2      | Killed Robin
  3306 | D:2      | Reached XP level 4. HP: 10/28 MP: 4/4
  4742 | D:3      | Reached skill level 1 in Slings
  4751 | D:3      | Found a faded altar of an unknown god.
  4849 | D:3      | Prayed at the altar of an unknown god.
  4849 | D:3      | Became a worshipper of Uskayaw the Reveller
  4849 | D:3      | Reached * piety under Uskayaw
  4849 | D:3      | Reached ** piety under Uskayaw
  4943 | D:3      | Noticed McGhostyFace's ghost (amateur GnWn)
  4944 | D:3      | Found a transporter.
  4945 | D:3      | Noticed an ogre
  5007 | D:3      | Noticed a +0 falchion
  5007 | D:3      | Noticed a +0 dagger
  5007 | D:3      | Noticed a +0 spear
  5008 | D:3      | Noticed a +0 short sword
  5008 | D:3      | Noticed a +0 falchion
  5008 | D:3      | Noticed a +0 short sword
  5008 | D:3      | Noticed a +0 spear
  5008 | D:3      | Noticed a +0 dagger
  5009 | D:3      | Found a hide-covered altar of Uskayaw.
  5065 | D:3      | Found a radiant altar of Vehumet.
  5107 | D:3      | Noticed an ogre
  5257 | D:3      | Found a basalt altar of Yredelemnul.
  5517 | D:3      | Reached XP level 5. HP: 32/32 MP: 5/5
  5705 | D:4      | Noticed a black bear
  5722 | D:4      | Killed a black bear
  6177 | D:4      | Found a bloodstained altar of Trog.
  6250 | D:4      | Found a staircase to the Ecumenical Temple.
  6388 | D:4      | Found a snail-covered altar of Cheibriados.
  6521 | D:4      | Reached XP level 6. HP: 34/38 MP: 6/6
  6523 | D:4      | Noticed a necrophage
  6533 | D:4      | Killed a necrophage
  6533 | D:4      | Reached *** piety under Uskayaw
  6534 | D:4      | Reached skill level 4 in Fighting
  6611 | D:4      | Reached skill level 5 in Fighting
  6725 | D:4      | Reached XP level 7. HP: 39/45 MP: 7/7
  6742 | D:4      | Reached **** piety under Uskayaw
  6931 | D:4      | Reached skill level 6 in Fighting
  6951 | D:4      | Upgraded the game from 0.28-a0-697-g47f3eba078 to
                  | 0.28-a0-706-gf6f64a616a
  7452 | D:4      | Noticed Menkaure
  7460 | D:4      | Killed Menkaure
  7461 | D:4      | Reached skill level 7 in Fighting
  7906 | D:5      | Entered Level 5 of the Dungeon
  7921 | D:4      | Reached skill level 1 in Armour
  8323 | D:5      | Reached XP level 8. HP: 53/53 MP: 8/8
  8327 | D:5      | Found a glowing silver altar of Zin.
  8328 | D:5      | Found a stormy altar of Qazlal.
  8614 | D:5      | Reached skill level 5 in Maces & Flails
  8990 | D:6      | Reached skill level 1 in Invocations
  9027 | D:6      | Found a shadowy altar of Dithmenos.
  9632 | D:6      | Found a transporter.
  9687 | D:6      | Found a transporter.
  9878 | D:6      | Found a shimmering altar of Xom.
  9951 | D:6      | Found an ancient bone altar of Kikubaaqudgha.
 10418 | D:6      | Slain by an orc warrior

Illustrated notes

Levels and vault maps discovered:
D:1:      shiori_shiawase, layout_loops_ring, feat_on_display
D:2:      kb_forest_paths, layout_basic, serial_shops, nicolae_shop_stone,
          roderic_lattice_a, uniq_robin
D:3:      layout_loops_ring, yredelemnul_altar_generic,
          nicolae_uskayaw_en_pointe, mainiacjoe_overflow_alcove_1,
          gammafunk_ghost_smash, shapermc_ecumenical_altar_mp_highgroup
D:4:      minmay_goblin_kobold_castle, layout_rooms,
          mainiacjoe_overflow_small_starburst, trog_hazing_becter,
          minmay_temple_entry_fiery, uniq_menkaure
D:5:      layout_basic, chequers_temple_overflow_statue_of_worship,
          st_stairs_14, hangedman_decor_points, minmay_misc_feat_enclosed
D:6:      gammafunk_steamed_eel, layout_layer_cave, xom_butterflies,
          mainiacjoe_overflow_catwalk_spiral
D:7:      layout_loops_ring, mainiacjoe_overflow_24_doors,
          nicolae_wu_jian_wuxing_cycle, nicolae_ru_sacrificial_ziggurat

Skill      XL: |  1  2  3  4  5  6  7  8 |
---------------+-------------------------+-----
Maces & Flails | 4 5 |  5.0
Slings         | 2 3 4 |  4.2
Fighting       | 5 7 |  7.2
Armour         | 1 4 |  4.8
Invocations    | 3 |  3.6
Dodging        | |  2.6
Stealth        | |  2.7

Action                   |  1- 3 |  4- 6 |  7- 9 || total
-------------------------+-------+-------+-------++-------
Melee: Mace              |   142 |    20 |     3 ||   165
       Flail             |       |       |     5 ||     5
 Fire: Hunting sling     |       |   199 |   247 ||   446
Throw: Stone             |     2 |       |       ||     2
  Use: Scroll            |     4 |     1 |     2 ||     7
       Potion            |     1 |     2 |       ||     3
Armor: Robe              |    50 |     5 |       ||    55
       Leather armour    |       |    45 |    26 ||    71
       Plate armour      |       |       |    44 ||    44
Dodge: Dodged            |   106 |    88 |    74 ||   268
Block: Other             |       |       |    12 ||    12

Table legend: (Time is in decaauts)
 A = Elapsed time spent in this place.
 B = Non-inter-level travel time spent in this place.
 C = Inter-level travel time spent in this place.
 D = Time resting spent in this place.
 E = Time spent auto-exploring this place.
 F = Levels seen in this place.
 G = Mean time per level.
                   A        B        C        D        E       F      G
               +--------+--------+--------+--------+--------+-----+--------+
         Total |  10497 |  10153 |    344 |   3790 |   4682 |   7 | 1499.6 |
       Dungeon |  10497 |  10153 |    344 |   3790 |   4682 |   7 | 1499.6 |
               +--------+--------+--------+--------+--------+-----+--------+

Top non-repeatable levels by time:
     D:1: 3343 daAuts
     D:4: 2416 daAuts
     D:2: 1442 daAuts
     D:6: 1433 daAuts
     D:3: 937 daAuts
     D:5: 922 daAuts
     D:7: 1 daAuts
